[Event "Titled Tuesday Blitz December 20 Late 2022"]
[White "White, John S."]
[Black "Urbina Perez, Juan Antonio"]
[WhiteFideId "2502348"]
[BlackFideId "2217368"]
[WhiteElo "1971"]
[BlackElo "2197"]
[Result "0-1"]
[Round "01"]
[TimeControl "180+1"]
[Date "2022.12.21"]
[WhiteClock "0:00:02"]
[BlackClock "0:00:20"]

1. e4 c5 2. Nf3 d6 3. c3 Nf6 4. Be2 Nc6 5. d4 cxd4 6. cxd4 d5 7. e5 Ne4 8. Nc3 Nxc3 9. bxc3 Bf5 10. Bd3 Bxd3 11. Qxd3 e6 12. O-O Be7 13. Re1 O-O 14. Rb1 Na5 15. Nd2 Rc8 16. Re3 f5 17. exf6 Rxf6 18. Rh3 h6 19. Nf3 Bd6 20. Ne5 Bxe5 21. dxe5 Rf5 22. Bxh6 gxh6 23. Rxh6 Qg5 24. Rxe6 Qf4 25. f3 d4 26. cxd4 Rc1+ 27. Rxc1 Qxc1+ 28. Qf1 Qe3+ 29. Qf2 Qc1+ 30. Qf1 Qc4 31. Qxc4 Nxc4 32. Re7 Rf7 33. Rxf7 Kxf7 34. Kf2 Ke6 35. Ke2 Kd5 36. Kd3 Nb2+ 37. Kc2 Nc4 38. Kd3 Nb2+ 39. Kc2 Na4 40. h4 Nb6 41. h5 Nd7 42. h6 Nf8 43. g4 Ng6 44. g5 b5 45. f4 Nxf4 46. h7 Ng6 47. Kb3 a5 48. a3 Nh8 0-1


[Site "https://www.chess.com"]

[Event "Titled Tuesday Blitz December 20 Late 2022"]
[White "Winterberg, Lukas"]
[Black "Adel, Sara"]
[WhiteFideId "24622702"]
[BlackFideId "10616764"]
[WhiteElo "2350"]
[BlackElo "1997"]
[Result "1-0"]
[Round "01"]
[TimeControl "180+1"]
[Date "2022.12.21"]
[WhiteClock "0:00:24"]
[BlackClock "0:00:13"]

1. e4 c6 2. d4 d5 3. e5 Bf5 4. h4 h5 5. Bd3 Nh6 6. Ne2 e6 7. Bg5 Be7 8. Bxe7 Qxe7 9. Ng3 Qb4+ 10. Nc3 Qxb2 11. Nce2 Bxd3 12. cxd3 Qb4+ 13. Kf1 b6 14. Rc1 Ng4 15. Kg1 g6 16. Nf1 O-O 17. f3 Nh6 18. g4 hxg4 19. fxg4 Nxg4 20. h5 Kg7 21. hxg6 Kxg6 22. Rb1 Qe7 23. Nf4+ Kf5 24. Rh5+ Qg5 25. Rxg5+ Kxg5 26. Nh3+ Kh4 27. Qf3 Rg8 28. Qg3+ Kh5 29. Nf4+ Kg5 30. Ne3 Nd7 31. Nxg4 f5 32. Nf6+ Kh6 33. Nxg8+ Kh7 34. Ne7 Nf8 35. Kf2 Kh8 36. Rh1+ Nh7 37. Rxh7+ Kxh7 38. Qg6+ Kh8 39. Qh6# 1-0


[Site "https://www.chess.com"]

[Event "Titled Tuesday Blitz December 20 Late 2022"]
[White "Young, Ryan"]
[Black "Goryachkina, Aleksandra"]
[WhiteFideId "2049945"]
[BlackFideId "4147103"]
[WhiteElo "2407"]
[BlackElo "2484"]
[Result "0-1"]
[Round "01"]
[TimeControl "180+1"]
[Date "2022.12.21"]
[WhiteClock "0:00:01"]
[BlackClock "0:00:05"]

1. e4 c5 2. c3 Nf6 3. e5 Nd5 4. Nf3 e6 5. d4 cxd4 6. cxd4 d6 7. Bc4 Be7 8. O-O O-O 9. Qe2 a6 10. Rd1 b5 11. Bd3 Bb7 12. Bd2 Nd7 13. Nc3 dxe5 14. dxe5 Nc5 15. Bb1 Nxc3 16. Bxc3 Qc7 17. Qc2 Be4 18. Qe2 Bxb1 19. Raxb1 Rfd8 20. Rbc1 Rxd1+ 21. Rxd1 Rd8 22. h3 h6 23. Rxd8+ Qxd8 24. Bb4 Na4 25. Bxe7 Qxe7 26. b3 Nc3 27. Qc2 b4 28. a3 a5 29. axb4 axb4 30. Nd2 Qc7 31. Nc4 Qc5 32. Qd3 Nd5 33. g3 Qa7 34. Nd6 Qa1+ 35. Kg2 Qxe5 36. Ne4 Qc7 37. Qd4 g6 38. h4 h5 39. Ng5 Qc6 40. Kh2 Qc7 41. Kg2 Qd8 42. Kh2 Qf6 43. Qa7 Kg7 44. Kg2 Qf5 45. Kg1 Qf6 46. Kg2 Qe7 0-1


[Site "https://www.chess.com"]

[Event "Titled Tuesday Blitz December 20 Late 2022"]
[White "Yuan, Qingyu"]
[Black "Sarkar, Justin"]
[WhiteFideId "8609772"]
[BlackFideId "2010011"]
[WhiteElo "2359"]
[BlackElo "2239"]
[Result "1-0"]
[Round "01"]
[TimeControl "180+1"]
[Date "2022.12.21"]
[WhiteClock "0:00:13"]
[BlackClock "0:00:01"]

1. e4 e5 2. Nf3 Nc6 3. Bb5 a6 4. Ba4 Nf6 5. O-O Be7 6. Re1 b5 7. Bb3 d6 8. c3 O-O 9. h3 Bb7 10. d4 Re8 11. Ng5 Rf8 12. Nf3 Re8 13. Nbd2 Bf8 14. a4 h6 15. Bc2 exd4 16. cxd4 Nb4 17. Bb1 c5 18. d5 Nd7 19. Ra3 f5 20. exf5 Rxe1+ 21. Qxe1 Bxd5 22. Ne4 Qe7 23. Bd2 Re8 24. Re3 Qf7 25. axb5 axb5 26. Bxb4 cxb4 27. Qxb4 Bxe4 28. Rxe4 Rxe4 29. Qxe4 Nc5 30. Qc2 Qc4 31. Qd2 d5 32. Nd4 Ne4 33. Bxe4 dxe4 34. b3 Qd5 35. Qc3 Bc5 36. Ne6 Qd1+ 37. Kh2 1-0


[Site "https://www.chess.com"]

[Event "Titled Tuesday Blitz December 20 Late 2022"]
[White "Zakhartsov, Vladimir"]
[Black "Ivanov, Mike"]
[WhiteFideId "4145097"]
[BlackFideId "2613158"]
[WhiteElo "2535"]
[BlackElo "2237"]
[Result "1-0"]
[Round "01"]
[TimeControl "180+1"]
[Date "2022.12.21"]
[WhiteClock "0:00:09"]
[BlackClock "0:00:02"]

1. c4 e5 2. d3 d6 3. Nc3 f5 4. g3 Nf6 5. Bg2 Be7 6. e3 O-O 7. Nge2 Qe8 8. b4 Nc6 9. b5 Nd8 10. a4 a5 11. Nd5 Nxd5 12. cxd5 Qh5 13. O-O Nf7 14. f4 Bf6 15. Ra2 Nh6 16. Rc2 Rf7 17. Nc3 Qxd1 18. Rxd1 Bd7 19. h3 g5 20. Kh2 Rg7 21. Ne2 Be8 22. Ba3 b6 23. Rdc1 Bh5 24. Ng1 gxf4 25. exf4 exf4 26. gxf4 Bh4 27. Bb2 Bg3+ 28. Kh1 Rg6 29. Rxc7 Bxf4 30. Rf1 Be5 31. Bxe5 dxe5 32. d6 Rd8 33. d7 Rg7 34. Bc6 Kf7 35. Nf3 Rg3 36. Rc8 Ke7 37. Nxe5 Rxh3+ 38. Kg2 Re3 39. d4 Re2+ 40. Rf2 Rxf2+ 41. Kxf2 Nf7 42. Ke3 Nd6 43. Rc7 Bf7 44. Kf4 Nc4 45. Kxf5 Nxe5 46. dxe5 Be6+ 47. Kg5 Bxd7 48. Rb7 Ke6 49. Rxb6 Kxe5 50. Bxd7 Rxd7 51. Ra6 Kd5 52. Rxa5 Kc5 53. Ra6 Kb4 54. b6 Rb7 55. a5 Kb5 56. Ra7 Rb8 57. b7 Kc6 58. a6 Rg8+ 59. Kh5 Rb8 60. Ra8 Kc7 61. Rxb8 Kxb8 62. Kh6 Ka7 63. Kxh7 1-0


[Site "https://www.chess.com"]

[Event "Titled Tuesday Blitz December 20 Late 2022"]
[White "Zhigalko, Sergei"]
[Black "Buchenau, Frank"]
[WhiteFideId "13502956"]
[BlackFideId "4604350"]
[WhiteElo "2662"]
[BlackElo "2157"]
[Result "1-0"]
[Round "01"]
[TimeControl "180+1"]
[Date "2022.12.21"]
[WhiteClock "0:00:42"]
[BlackClock "0:00:13"]

1. e4 e6 2. d4 d5 3. e5 c5 4. c3 Qb6 5. Nf3 Bd7 6. Be2 cxd4 7. cxd4 Bb5 8. Nc3 Bxe2 9. Nxe2 Bb4+ 10. Kf1 Ne7 11. a3 Qa6 12. g3 Ba5 13. Kg2 Nbc6 14. h4 O-O 15. h5 h6 16. Nf4 b5 17. Be3 b4 18. axb4 Nxb4 19. Qa4 Nec6 20. g4 Qb7 21. g5 hxg5 22. Nxg5 Bd8 23. Nf3 Ne7 24. Nh4 a5 25. Qd1 Nf5 26. Nxf5 exf5 27. Qf3 Bg5 28. Rag1 Bxf4 29. Qxf4 Ra6 30. Qxf5 Qc8 31. Qg5 Nc2 32. Kh2 Nxe3 33. Qxg7# 1-0


[Site "https://www.chess.com"]

[Event "Titled Tuesday Blitz December 20 Late 2022"]
[White "Zhukov, Maksim"]
[Black "Lindholt, Malik"]
[WhiteFideId "34181790"]
[BlackFideId "1404490"]
[WhiteElo "1929"]
[BlackElo "2008"]
[Result "1-0"]
[Round "01"]
[TimeControl "180+1"]
[Date "2022.12.21"]
[WhiteClock "0:01:06"]
[BlackClock "0:00:03"]

1. Nf3 Nf6 2. g3 g6 3. Bg2 Bg7 4. O-O O-O 5. d3 d6 6. e4 e5 7. c4 c5 8. Nc3 Nc6 9. h3 Nd4 10. Nxd4 cxd4 11. Nd5 Nxd5 12. cxd5 Bd7 13. Bd2 Qb6 14. Qb3 Qxb3 15. axb3 a6 16. Bb4 Rfd8 17. Rfc1 Bb5 18. Bf1 Rd7 19. Bd2 Bf8 20. h4 f6 21. Bh3 Re7 22. Bf1 Rd7 23. f3 h5 24. Kf2 Kh7 25. Bh3 Re7 26. Ke2 Bh6 27. Rc2 Bxd2 28. Kxd2 Kg7 29. Rac1 Kf8 30. Rc7 Rae8 31. Be6 Rxc7 32. Rxc7 Re7 33. Rc8+ Re8 34. Rc7 Re7 35. Rc1 Re8 36. f4 Re7 37. f5 gxf5 38. exf5 Re8 39. Rg1 Re7 40. g4 hxg4 41. Rxg4 Rg7 42. Rg6 Rxg6 43. fxg6 Kg7 44. h5 Kh6 45. Bf5 a5 46. Ke2 b6 47. Kf3 Ba6 48. Kg4 Bb7 49. Be6 Kg7 50. Kf5 Ba6 51. h6+ Kxh6 52. Kxf6 Bxd3 53. g7 Bh7 54. Bf5 Bg8 55. Be4 d3 56. Bxd3 Bxd5 57. Bc4 Bg8 58. Bxg8 e4 59. Bc4 1-0


[Site "https://www.chess.com"]

[Event "Titled Tuesday Blitz December 20 Late 2022"]
[White "gshwbedhkhd"]
[Black "Araujo, Everson De Moura"]
[BlackFideId "22737197"]
[WhiteElo "2589"]
[BlackElo "2035"]
[Result "1-0"]
[Round "01"]
[TimeControl "180+1"]
[Date "2022.12.21"]
[WhiteClock "0:01:52"]
[BlackClock "0:01:27"]

1. e4 e6 2. d4 d5 3. Bd3 c5 4. exd5 exd5 5. Nf3 Nf6 6. O-O c4 7. Re1+ Be7 8. Bf1 Nc6 9. b3 cxb3 10. axb3 O-O 11. h3 Ne4 12. Bd3 Bf5 13. c3 Re8 14. b4 a6 15. b5 axb5 16. Rxa8 Qxa8 17. Bxb5 Nxf2 18. Kxf2 Bxb1 19. Bf4 Be4 20. Ne5 Bh4+ 21. g3 Bf6 22. Qb3 Qc8 23. Rxe4 dxe4 24. Nxf7 Qe6 25. Bc4 Qxh3 26. Ng5+ 1-0


[Site "https://www.chess.com"]

[Event "Titled Tuesday Blitz December 20 Late 2022"]
[White "reevecanada"]
[Black "Veiga, Jose Francisco R P Neves"]
[BlackFideId "1930087"]
[WhiteElo "2178"]
[BlackElo "2320"]
[Result "0-1"]
[Round "01"]
[TimeControl "180+1"]
[Date "2022.12.21"]
[WhiteClock "0:01:26"]
[BlackClock "0:00:49"]

1. e4 Nc6 2. d4 d5 3. exd5 Qxd5 4. Nf3 Bg4 5. Be2 O-O-O 6. Be3 Nf6 7. c4 Qa5+ 8. Nc3 e5 9. d5 Bb4 10. Bd2 e4 11. Ng1 Bxe2 12. Ngxe2 Ne5 13. O-O Nxc4 14. Bf4 Nxd5 15. Nxd5 Qxd5 16. Qa4 a5 17. a3 Nb6 18. Qc2 Bd6 19. Rfd1 Qe6 20. Nd4 Qc4 21. Qxe4 Kb8 22. Rac1 Qd5 23. Nc6+ bxc6 24. Rxd5 cxd5 25. Qd4 f6 26. Rc6 Kb7 27. Rc3 c5 28. Rxc5 Bxc5 29. Qxc5 Rc8 30. Qxa5 Rc4 31. Be3 d4 32. Bd2 Re8 33. g3 Re5 34. Qxe5 fxe5 35. b3 Rc2 36. Bb4 Nd5 37. Bd6 d3 38. Bxe5 d2 39. Bd4 d1=Q+ 40. Kg2 Qxd4 41. Kf1 Qxf2# 0-1


[Site "https://www.chess.com"]

[Event "Titled Tuesday Blitz December 20 Late 2022"]
[White "Abdrlauf, Elham"]
[Black "Sohal, Tanraj"]
[WhiteFideId "1533533"]
[BlackFideId "2608499"]
[WhiteElo "2454"]
[BlackElo "2203"]
[Result "1-0"]
[Round "02"]
[TimeControl "180+1"]
[Date "2022.12.21"]
[WhiteClock "0:00:04"]
[BlackClock "0:00:04"]

1. e4 c6 2. d4 d5 3. Nc3 dxe4 4. Nxe4 Nd7 5. Nf3 Ngf6 6. Nxf6+ Nxf6 7. h3 Bf5 8. Bd3 Bxd3 9. Qxd3 e6 10. Bd2 Qc7 11. O-O-O O-O-O 12. Kb1 h6 13. Qe2 Bd6 14. c4 Kb8 15. Bc3 Rhe8 16. Ne5 Ka8 17. f4 a6 18. g4 c5 19. dxc5 Bxc5 20. g5 hxg5 21. fxg5 Ng8 22. Ng4 g6 23. Ne5 Bd6 24. Rhf1 Bxe5 25. Bxe5 Rxd1+ 26. Rxd1 Qe7 27. Qd2 f6 28. gxf6 Nxf6 29. Qg5 Nd7 30. Bf4 Qxg5 31. Bxg5 Ne5 32. b3 b5 33. c5 Kb7 34. Bf4 Nc6 35. Rd7+ Ka8 36. Rc7 Nd4 37. Be5 Nf3 38. Bd6 Nd4 39. c6 e5 40. Kb2 Nf3 41. Kc3 Nd4 42. b4 Ne2+ 43. Kd2 Nd4 44. Kd3 Nf5 45. Bc5 Rd8+ 46. Ke4 Nd6+ 47. Kxe5 Nc4+ 48. Ke6 Kb8 49. Rd7 Re8+ 50. Re7 Rc8 51. c7+ Kb7 52. Bd6 Nb6 53. Rf7 Nc4 54. Rf8 Rxf8 55. Bxf8 Kxc7 56. Kf6 a5 57. bxa5 Nxa5 58. Kxg6 Kd7 59. h4 Nc4 60. Bb4 Ke8 61. h5 Ne5+ 62. Kg7 Nf7 63. a3 Nd8 64. h6 Ne6+ 65. Kg8 Ng5 66. Bd2 Nf7 67. h7 Ke7 68. Bf4 Ke6 69. Bg3 Kf6 70. Bf2 Ke6 71. Be3 Kf6 72. Bf4 Ke6 73. Bg5 Nxg5 74. h8=Q Nf7 75. Qh3+ Ke7 76. Qe3+ Kd7 77. Kxf7 Kc6 78. Qd2 Kb7 79. Qb4 1-0


[Site "https://www.chess.com"]

[Event "Titled Tuesday Blitz December 20 Late 2022"]
[White "Acosta Cruz, Oscar Yosimar"]
[Black "Herman, Daniel"]
[WhiteFideId "5111269"]
[BlackFideId "30935008"]
[WhiteElo "2147"]
[BlackElo "1897"]
[Result "0-1"]
[Round "02"]
[TimeControl "180+1"]
[Date "2022.12.21"]
[WhiteClock "0:01:11"]
[BlackClock "0:00:47"]

1. e4 g6 2. d4 Bg7 3. Nc3 d6 4. f4 Nf6 5. Nf3 c5 6. e5 Nfd7 7. e6 fxe6 8. Ng5 Nf6 9. dxc5 h6 10. Bb5+ Nc6 11. Bxc6+ bxc6 12. Nge4 d5 13. Nf2 O-O 14. O-O Rb8 15. Re1 Qa5 16. Nd3 Ba6 17. Ne5 Qxc5+ 18. Be3 Qd6 19. Nxg6 Rfc8 20. Bd4 Rxb2 21. Na4 Rb4 22. Nc5 Rxd4 23. Qxd4 Ne4 24. Qa4 Nxc5 0-1


[Site "https://www.chess.com"]

[Event "Titled Tuesday Blitz December 20 Late 2022"]
[White "Aghasiyev, Kamal"]
[Black "Delorme, Axel"]
[WhiteFideId "13402854"]
[BlackFideId "632023"]
[WhiteElo "2341"]
[BlackElo "2478"]
[Result "1/2-1/2"]
[Round "02"]
[TimeControl "180+1"]
[Date "2022.12.21"]
[WhiteClock "0:00:07"]
[BlackClock "0:00:30"]

1. d4 d5 2. c4 e6 3. Nf3 c6 4. Nbd2 f5 5. g3 Nf6 6. Bg2 Bd6 7. O-O Nbd7 8. b3 O-O 9. Bb2 a5 10. Ne5 Ne4 11. Ndf3 a4 12. bxa4 Qa5 13. Qb3 Qxa4 14. Nxd7 Qxb3 15. Nf6+ gxf6 16. axb3 Bd7 17. Rfc1 f4 18. Kf1 Kf7 19. Ke1 fxg3 20. hxg3 Bb4+ 21. Kf1 Bd6 22. e3 h5 23. Ke2 b5 24. cxd5 cxd5 25. Nd2 Nxd2 26. Kxd2 Rh8 27. Rxa8 Rxa8 28. Ra1 Rxa1 29. Bxa1 b4 30. Bf1 Kg6 31. Bd3+ Kg5 32. Ke2 Be8 33. Bb2 Bg6 34. Bxg6 Kxg6 35. Kf3 f5 36. Bc1 Be7 37. Bd2 Bd6 38. Kg2 Kf6 39. f4 1/2-1/2


[Site "https://www.chess.com"]

[Event "Titled Tuesday Blitz December 20 Late 2022"]
[White "Alfaro, William"]
[Black "Berezin, Viktor"]
[WhiteFideId "6100457"]
[BlackFideId "14107872"]
[WhiteElo "2096"]
[BlackElo "2310"]
[Result "0-1"]
[Round "02"]
[TimeControl "180+1"]
[Date "2022.12.21"]
[WhiteClock "0:00:13"]
[BlackClock "0:00:07"]

1. Nf3 Nf6 2. g3 g6 3. Bg2 Bg7 4. O-O O-O 5. d3 d6 6. e4 Nc6 7. h3 e5 8. Nbd2 d5 9. exd5 Nxd5 10. Re1 Re8 11. Nc4 a6 12. Bg5 f6 13. Bd2 Rb8 14. Qe2 b5 15. Ne3 Be6 16. c4 bxc4 17. Nxc4 Bf7 18. b3 h6 19. Rac1 f5 20. Qd1 Ncb4 21. Bf1 Nxa2 22. Ra1 Nab4 23. Ra4 c5 24. Qb1 Nxd3 25. Bxd3 e4 26. Bxe4 fxe4 27. Rxe4 Nf6 28. Re1 Qd5 29. Kg2 Be6 30. Bf4 Bf5 31. Qd1 Rxe1 32. Qxe1 Rxb3 33. Ne3 Qc6 34. Nxf5 gxf5 35. Qd1 Qxa4 36. Be5 Qb5 37. Qd8+ Qe8 38. Bxf6 Qxd8 39. Bxd8 a5 40. Bxa5 c4 41. Ne1 c3 42. Nd3 c2 43. Nc1 Rb1 44. Bd2 Bb2 45. Ne2 c1=Q 46. Nxc1 Bxc1 47. Bc3 Bb2 48. Bd2 Bg7 49. g4 Rb7 50. Be3 fxg4 51. hxg4 Kf7 52. Kg3 Be5+ 53. Kh4 Bf6+ 54. Kh5 Bg7 55. Bxh6 Rb5+ 56. g5 Bxh6 57. Kxh6 Rb6+ 58. Kh5 Rb4 59. f3 Rf4 60. Kh6 Rxf3 61. g6+ Kg8 62. Kg5 Ra3 63. Kh6 Ra5 64. g7 Ra6+ 65. Kg5 Kxg7 0-1


[Site "https://www.chess.com"]

[Event "Titled Tuesday Blitz December 20 Late 2022"]
[White "Andreassen, Lars"]
[Black "Keymer, Vincent"]
[WhiteFideId "1504878"]
[BlackFideId "12940690"]
[WhiteElo "2119"]
[BlackElo "2600"]
[Result "0-1"]
[Round "02"]
[TimeControl "180+1"]
[Date "2022.12.21"]
[WhiteClock "0:00:44"]
[BlackClock "0:00:30"]

1. d4 Nf6 2. Nf3 e6 3. Bg5 h6 4. Bh4 c5 5. e3 cxd4 6. exd4 Qb6 7. b3 Ne4 8. Bd3 Bb4+ 9. Kf1 d5 10. Nbd2 Nxd2+ 11. Nxd2 Qxd4 12. Nf3 Qb6 13. Ne5 Bc3 14. Nxf7 Kxf7 15. Qh5+ Kf8 16. Qf3+ Kg8 17. Bg6 Bf6 18. Bxf6 gxf6 19. Qxf6 Qc7 20. Re1 Nc6 21. Re3 Qg7 22. Bf7+ Kf8 23. Rg3 Qxf6 0-1


[Site "https://www.chess.com"]

[Event "Titled Tuesday Blitz December 20 Late 2022"]
[White "Andrews, Todd"]
[Black "Milosevic, Milos"]
[WhiteFideId "2012456"]
[BlackFideId "964875"]
[WhiteElo "2324"]
[BlackElo "2314"]
[Result "0-1"]
[Round "02"]
[TimeControl "180+1"]
[Date "2022.12.21"]
[WhiteClock "0:00:09"]
[BlackClock "0:00:14"]

1. e4 c6 2. d4 d5 3. Nc3 dxe4 4. Nxe4 Bf5 5. Ng3 Bg6 6. f4 e6 7. Nf3 h6 8. Ne5 Bh7 9. h4 Nd7 10. Bd3 Bxd3 11. Qxd3 Ngf6 12. Bd2 Be7 13. h5 c5 14. O-O-O cxd4 15. Qxd4 Nxe5 16. Qxe5 Qd5 17. Kb1 Qxe5 18. fxe5 Ng4 19. Rde1 O-O-O 20. Bc3 Rd5 21. a3 Rhd8 22. Ref1 f5 23. exf6 gxf6 24. Ne4 f5 25. Ng3 Ne3 26. Re1 f4 27. Nf1 Rd1+ 28. Ka2 Rxe1 29. Bxe1 Nxg2 30. Bc3 Rd1 31. Ng3 Rxh1 32. Nxh1 f3 33. Nf2 Bh4 34. Bd4 Nf4 35. Ng4 Nxh5 36. Nxh6 f2 37. Bxf2 Bxf2 38. Nf7 Kd7 39. Ne5+ Kc7 40. c4 Nf6 41. b4 Bd4 42. Nf3 e5 43. Kb3 Ne4 44. c5 b6 45. Kc4 bxc5 46. bxc5 Nxc5 47. Nxe5 Bxe5 48. Kxc5 Bd6+ 49. Kb5 Bxa3 50. Ka6 Bc5 51. Kb5 Bg1 52. Ka4 Kb6 0-1


[Site "https://www.chess.com"]

[Event "Titled Tuesday Blitz December 20 Late 2022"]
[White "Ankerst, Mihael"]
[Black "Walentukiewicz, Michal"]
[WhiteFideId "14602369"]
[BlackFideId "1126903"]
[WhiteElo "2361"]
[BlackElo "2028"]
[Result "0-1"]
[Round "02"]
[TimeControl "180+1"]
[Date "2022.12.21"]
[WhiteClock "0:00:02"]
[BlackClock "0:01:31"]

1. e4 c6 2. d4 d6 3. Nf3 g6 4. h3 Bg7 5. Bg5 Nf6 6. Nc3 O-O 7. Qd2 b5 8. Bd3 b4 9. Ne2 a5 10. e5 Nd5 11. Bh6 dxe5 12. Nxe5 Nd7 13. Nxc6 Qc7 14. Bxg7 Kxg7 15. Ne5 Nxe5 16. dxe5 Qxe5 17. O-O Bb7 18. c4 bxc3 19. bxc3 Rfd8 20. Rab1 Qc7 21. Rfd1 Nf6 22. Qe3 Bd5 23. a4 e5 24. Ng3 Be6 25. Bb5 Nd5 26. Qe1 Qxc3 27. Rbc1 Qxe1+ 28. Rxe1 f6 29. Ne4 Bf7 30. Nc5 Nb4 31. Red1 f5 32. f3 h5 33. Re1 Kf6 34. Nd7+ Kg7 35. Nxe5 Be8 36. Rc7+ Kf6 37. Nd7+ Bxd7 38. Bxd7 Kg5 39. Kh2 h4 40. Re6 Nd5 41. Rb7 Rab8 42. Bc6 Rxb7 43. Bxb7 Nf4 0-1


[Site "https://www.chess.com"]

[Event "Titled Tuesday Blitz December 20 Late 2022"]
[White "Ansh M Shah"]
[Black "Horvath, Dominik"]
[WhiteFideId "25033379"]
[BlackFideId "1642561"]
[WhiteElo "2084"]
[BlackElo "2405"]
[Result "0-1"]
[Round "02"]
[TimeControl "180+1"]
[Date "2022.12.21"]
[WhiteClock "0:00:01"]
[BlackClock "0:00:02"]

1. d4 Nf6 2. c4 g6 3. h4 c5 4. d5 Bg7 5. Nc3 e6 6. e4 exd5 7. exd5 O-O 8. Be2 Re8 9. Kf1 h5 10. Bg5 d6 11. Nf3 Qb6 12. Rb1 Ne4 13. Nxe4 Rxe4 14. Bd3 Re8 15. Qc2 Kh7 16. Bf4 Bf6 17. Bg5 Bg7 18. Bd2 Qc7 19. Ng5+ Kg8 20. g3 Re7 21. Kg2 Nd7 22. f4 Nf6 23. Rbe1 Bg4 24. Rxe7 Qxe7 25. Re1 Qd7 26. Bc3 Re8 27. Bxf6 Bxf6 28. Bxg6 Rxe1 29. Bxf7+ Kf8 30. Qg6 Re2+ 31. Kf1 Ke7 32. Nh7 Qf5 33. Nxf6 Qxg6 34. Ng8+ Kxf7 0-1


[Site "https://www.chess.com"]

[Event "Titled Tuesday Blitz December 20 Late 2022"]
[White "Araujo Sanchez, Josue"]
[Black "Bortnyk, Olexandr"]
[WhiteFideId "6416896"]
[BlackFideId "14120828"]
[WhiteElo "2370"]
[BlackElo "2723"]
[Result "1/2-1/2"]
[Round "02"]
[TimeControl "180+1"]
[Date "2022.12.20"]
[WhiteClock "0:00:44"]
[BlackClock "0:00:08"]

1. c4 d6 2. Nc3 e5 3. g3 g6 4. Bg2 Bg7 5. Nf3 Nc6 6. O-O Nge7 7. d3 O-O 8. Rb1 a5 9. a3 f5 10. Nd2 Be6 11. Nd5 Bf7 12. b4 axb4 13. axb4 Nxd5 14. cxd5 Nd4 15. b5 f4 16. e3 Nf5 17. Nc4 fxg3 18. hxg3 b6 19. Bd2 h5 20. Kh2 Qd7 21. Bh3 Qe7 22. e4 Nd4 23. Be3 Ra2 24. Bxd4 exd4 25. Ra1 Rfa8 26. Rxa2 Rxa2 27. Qb3 Ra8 28. Qc2 h4 29. Nd2 Be5 30. Nf3 Kg7 31. Kg2 hxg3 32. fxg3 Bf6 33. Bg4 Be8 34. Rc1 Bxb5 35. Qxc7 Ra2+ 36. Kh3 Bxd3 37. Qxb6 Qxe4 38. Qxd6 Re2 39. Rc7+ Be7 40. Qe6 Qxe6 41. Bxe6 Kf6 42. Nxd4 Rd2 43. Nf3 Rf2 44. Ne5 Bf1+ 45. Kh4 g5+ 46. Kg4 Be2+ 47. Kh3 Bf1+ 48. Kg4 Be2+ 49. Kh3 Bf1+ 50. Kg4 1/2-1/2


[Site "https://www.chess.com"]

[Event "Titled Tuesday Blitz December 20 Late 2022"]
[White "Arbunic Castro, Giovanna"]
[Black "Figorito, Nick"]
[WhiteFideId "3400549"]
[BlackFideId "30923689"]
[WhiteElo "1957"]
[BlackElo "2410"]
[Result "1/2-1/2"]
[Round "02"]
[TimeControl "180+1"]
[Date "2022.12.21"]
[WhiteClock "0:01:32"]
[BlackClock "0:01:02"]

1. e4 e6 2. d4 d5 3. exd5 exd5 4. Nf3 Bd6 5. c4 Nf6 6. Nc3 O-O 7. Be2 dxc4 8. O-O Be6 9. Ne5 Nc6 10. f4 Bxe5 11. dxe5 Qxd1 12. Rxd1 Nd7 13. Nd5 Bxd5 14. Rxd5 Nb6 15. Rd1 Rad8 16. Be3 Na5 17. Bd2 Nc6 18. Be3 Na5 19. Bd2 Nc6 20. Be3 1/2-1/2


[Site "https://www.chess.com"]

[Event "Titled Tuesday Blitz December 20 Late 2022"]
[White "Ardila, Oscar Humberto"]
[Black "Mikhalsky, Vladimir"]
[WhiteFideId "4404742"]
[BlackFideId "14144352"]
[WhiteElo "1961"]
[BlackElo "2272"]
[Result "0-1"]
[Round "02"]
[TimeControl "180+1"]
[Date "2022.12.21"]
[WhiteClock "0:00:13"]
[BlackClock "0:01:32"]

1. d4 Nf6 2. c4 g6 3. Nc3 Bg7 4. Nf3 O-O 5. e3 d6 6. Be2 Nc6 7. O-O e5 8. h3 Re8 9. d5 Ne7 10. e4 Nh5 11. Re1 h6 12. Bf1 Rf8 13. g4 Nf4 14. Bxf4 exf4 15. Qd2 g5 16. e5 dxe5 17. Nxe5 Ng6 18. Nxg6 fxg6 19. Bd3 h5 20. Bxg6 hxg4 21. hxg4 Bxg4 22. Qd3 Qf6 23. Bh7+ Kh8 24. f3 Bh3 25. Rad1 g4 26. Re6 Qh4 27. Ne2 gxf3 28. Qxf3 Bxe6 29. dxe6 Qxh7 30. Kg2 Qg6+ 31. Kf2 Qxe6 32. Rh1+ Kg8 33. Qh5 f3 34. Qh7+ Kf7 35. Qh5+ Ke7 36. Qh4+ Bf6 37. Qh7+ Rf7 38. Nf4 Bd4+ 39. Kxf3 Qe3+ 40. Kg4 Qxf4+ 0-1


[Site "https://www.chess.com"]

[Event "Titled Tuesday Blitz December 20 Late 2022"]
[White "Bach, Matthias"]
[Black "Matinian, Nikita"]
[WhiteFideId "4603168"]
[BlackFideId "24129100"]
[WhiteElo "2165"]
[BlackElo "2422"]
[Result "1/2-1/2"]
[Round "02"]
[TimeControl "180+1"]
[Date "2022.12.21"]
[WhiteClock "0:00:53"]
[BlackClock "0:00:47"]

1. d4 Nf6 2. c4 e6 3. Nc3 Bb4 4. Bg5 h6 5. Bh4 c5 6. d5 g5 7. Bg3 Ne4 8. Qd3 Qa5 9. Be5 f6 10. Qxe4 fxe5 11. Qxe5 Rf8 12. e4 d6 13. Qg7 Bxc3+ 14. Qxc3 Qxc3+ 15. bxc3 Nd7 16. Be2 Ke7 17. Nf3 Rf4 18. Nd2 Ne5 19. g3 Rf7 20. O-O g4 21. f4 gxf3 22. Nxf3 Nxf3+ 23. Rxf3 Rxf3 24. Bxf3 e5 25. Bh5 Bd7 26. Rf1 Rf8 27. Rxf8 Kxf8 28. Kf2 Ke7 29. Ke3 Kf6 30. h4 Ba4 31. Kd3 a6 32. Bg4 b6 33. Bc8 a5 34. Bg4 Be8 35. Bf5 Bh5 36. g4 Be8 37. a3 Ba4 38. Bc8 Bd1 39. Ke3 Bb3 40. Ba6 Bc2 41. Kf3 Bd3 42. Ke3 Bf1 43. Bb5 Bg2 44. Ba6 Bh3 45. Bc8 Bf1 46. Ba6 Kg6 47. Bb5 Kf6 48. Ba6 Bh3 49. Bc8 Bf1 50. Ba6 1/2-1/2


[Site "https://www.chess.com"]

[Event "Titled Tuesday Blitz December 20 Late 2022"]
[White "Barria Zuniga, Daniel"]
[Black "Dubov, Daniil"]
[WhiteFideId "3400816"]
[BlackFideId "24126055"]
[WhiteElo "2414"]
[BlackElo "2792"]
[Result "0-1"]
[Round "02"]
[TimeControl "180+1"]
[Date "2022.12.20"]
[WhiteClock "0:00:05"]
[BlackClock "0:00:55"]

1. c4 b6 2. d4 Bb7 3. Nc3 e6 4. a3 f5 5. Nf3 Nf6 6. g3 Be7 7. Bg2 O-O 8. O-O Ne4 9. Bd2 Qe8 10. Rc1 Nxc3 11. Bxc3 Be4 12. Ne1 Bxg2 13. Nxg2 Qf7 14. Qd3 d6 15. f4 Nd7 16. e4 fxe4 17. Qxe4 Nf6 18. Qe2 Rae8 19. Rce1 Bd8 20. Rf3 Re7 21. Re3 Rfe8 22. Nh4 c5 23. Nf3 Ng4 24. Ng5 Qf5 25. Rxe6 h6 26. Rxe7 Rxe7 27. Ne6 d5 28. cxd5 Nf6 29. d6 Rd7 30. dxc5 bxc5 31. Qc4 Kh8 32. Nxd8 Rxd8 33. Qe6 Qxe6 34. Rxe6 Nd5 35. Rxh6+ Kg8 36. Rg6 Rd7 37. Kf2 Kh7 38. f5 Nb6 39. Be5 Nc4 40. Bf4 Rb7 41. Kf3 Nxb2 42. Ke4 c4 43. Kd4 Rb3 44. Be5 Rd3+ 45. Ke4 Na4 46. Re6 Nc5+ 47. Kf4 c3 48. Bxc3 Rxc3 49. Ke5 Rd3 50. Re7 Rxa3 51. Rc7 Nd3+ 52. Ke6 Ra6 53. Ke7 Nb4 54. d7 Nd5+ 55. Kd8 Rb6 56. Rxa7 Rb8# 0-1


[Site "https://www.chess.com"]